[Event "Titled Tuesday Blitz June 28 Early 2022"]
[White "Xiong, Jeffery"]
[Black "Andreikin, Dmitry"]
[WhiteFideId "2047640"]
[BlackFideId "4158814"]
[WhiteElo "3037"]
[BlackElo "3108"]
[Result "1-0"]
[Round "08"]
[TimeControl "180+1"]
[Date "2022.06.28"]
[WhiteClock "0:00:04"]
[BlackClock "0:00:04"]

1. d4 Nf6 2. Nf3 e6 3. Bf4 Nh5 4. Bg5 Be7 5. Bxe7 Qxe7 6. e3 Qb4+ 7. Nbd2 Qxb2 8. c4 Nf6 9. Bd3 Qc3 10. Bc2 d5 11. Rc1 Qa5 12. O-O c6 13. Ne5 Nbd7 14. f4 Qxa2 15. Rf3 Qa3 16. Kh1 g6 17. c5 a5 18. Rb1 O-O 19. e4 Qa2 20. Bb3 Qa3 21. Nxd7 Bxd7 22. Bxd5 Qxf3 23. gxf3 cxd5 24. Rxb7 dxe4 25. fxe4 Bc6 26. Rb6 Rfc8 27. Rxc6 Rxc6 28. Qa4 Rcc8 29. Nc4 Rcb8 30. Nb6 Ra7 31. d5 Rc7 32. Qd4 Nxe4 33. Qxe4 Rxc5 34. dxe6 Rxb6 35. e7 Rc1+ 36. Kg2 Rb2+ 37. Kh3 Rc3+ 38. Kg4 f5+ 39. Kg5 fxe4 40. e8=Q+ Kg7 41. Qe5+ Kf7 42. Qf6+ Kg8 43. Qxc3 Rb5+ 44. Kf6 Rf5+ 45. Ke6 Rxf4 46. Qc8+ Kg7 47. Qc7+ 1-0


[Site "https://www.chess.com"]

[Event "Titled Tuesday Blitz June 28 Early 2022"]
[White "Yuan, Qingyu"]
[Black "Melkumyan, Hrant"]
[WhiteFideId "8609772"]
[BlackFideId "13302485"]
[WhiteElo "2741"]
[BlackElo "2907"]
[Result "0-1"]
[Round "08"]
[TimeControl "180+1"]
[Date "2022.06.28"]
[WhiteClock "0:00:01"]
[BlackClock "0:00:24"]

1. e4 c6 2. Nf3 d5 3. Nc3 Bg4 4. h3 Bxf3 5. Qxf3 e6 6. Be2 Nd7 7. d4 dxe4 8. Nxe4 Ngf6 9. Nd2 Bd6 10. Nc4 Bc7 11. a4 O-O 12. O-O Re8 13. Bg5 Qb8 14. Rad1 Nd5 15. c3 Bf4 16. Bh4 Qc7 17. Bd3 g6 18. Rfe1 a6 19. a5 Rac8 20. Bc2 Qb8 21. b4 Bh2+ 22. Kh1 Bc7 23. Bb3 Bd8 24. Bg3 Bc7 25. Bh4 Rf8 26. Bg5 Bf4 27. Bh4 Rce8 28. Re2 Bc7 29. Rde1 Bd8 30. Bg3 Bc7 31. Bh4 Qc8 32. Bg5 Kg7 33. Qe4 Rh8 34. Qf3 Qb8 35. Ne5 Nxe5 36. dxe5 Bd8 37. Bd2 Be7 38. Re4 Rd8 39. R1e2 Qc7 40. g3 c5 41. Kg2 h5 42. h4 Qc6 43. Ba2 Rd7 44. Bb3 Rhd8 45. Be1 b5 46. axb6 Nxb6 47. Kh2 Rd3 48. Qf4 cxb4 49. Bd2 Rxd2 50. Rxd2 Rxd2 51. Qxd2 Qxe4 52. cxb4 Qxb4 53. Qe3 a5 54. Bc2 Nd5 55. Qf3 Qc3 56. Qe4 Qc5 57. Kg2 Nb4 58. Bb3 Nc6 59. f4 Nd4 60. Bd1 Nf5 0-1


[Site "https://www.chess.com"]

[Event "Titled Tuesday Blitz June 28 Early 2022"]
[White "Zochowski, Kacper"]
[Black "Yaksin, Oleg"]
[WhiteFideId "1125494"]
[BlackFideId "24105880"]
[WhiteElo "2214"]
[BlackElo "2256"]
[Result "0-1"]
[Round "08"]
[TimeControl "180+1"]
[Date "2022.06.28"]
[WhiteClock "0:00:15"]
[BlackClock "0:00:04"]

1. d4 Nf6 2. Bg5 c5 3. d5 Qb6 4. Nc3 Qxb2 5. Bd2 Qb6 6. e4 d6 7. f4 g6 8. Nf3 Bg7 9. e5 dxe5 10. fxe5 Ng4 11. Rb1 Qd8 12. Bb5+ Bd7 13. e6 fxe6 14. Ng5 O-O 15. Qxg4 exd5 16. Bxd7 Qxd7 17. Qxd7 Nxd7 18. Nxd5 b6 19. Ne6 Rf7 20. Rf1 Be5 21. Ke2 Nf6 22. Ng5 Rff8 23. Nxe7+ Kh8 24. Rf3 Rae8 25. Nc6 Bxh2+ 26. Kd3 Rc8 27. Nxa7 Rcd8+ 28. Kc3 Be5+ 29. Kb3 Rxd2 30. Nb5 Rfd8 31. Re1 Re8 32. Rxe5 Rxe5 33. Nf7+ Kg7 34. Nxe5 Rxg2 35. Rd3 g5 36. Rd6 g4 37. Rxb6 g3 38. Rb7+ Kh6 39. Rb6 Kg5 40. Nd6 Re2 41. Nef7+ Kg6 42. Nh8+ Kg7 43. Nhf7 g2 44. Rb7 g1=Q 45. Ne5+ Kh6 46. Nf5+ Kg5 47. Rg7+ Kxf5 48. Rxg1 Rxe5 49. Rh1 h5 50. c4 Re3+ 51. Ka4 Re2 52. a3 Ra2 53. Kb3 Rf2 54. Ka4 Rc2 55. Kb5 Ra2 56. a4 Kg5 57. Kxc5 h4 58. Kb5 Ng4 59. a5 Rb2+ 60. Kc6 Ne5+ 61. Kd5 Nd3 62. c5 Rc2 63. c6 Nb4+ 64. Kd6 Rxc6+ 65. Kd7 Ra6 66. Rb1 Nd3 67. Rb5+ Kg4 68. Kc7 h3 69. Kb7 Rh6 70. a6 h2 71. a7 h1=Q+ 0-1


[Site "https://www.chess.com"]

[Event "Titled Tuesday Blitz June 28 Early 2022"]
[White "Adewumi, Tanitoluwa"]
[Black "Fecker, Noah"]
[WhiteFideId "30966396"]
[BlackFideId "1334263"]
[WhiteElo "2666"]
[BlackElo "2312"]
[Result "0-1"]
[Round "09"]
[TimeControl "180+1"]
[Date "2022.06.28"]
[WhiteClock "0:00:01"]
[BlackClock "0:00:39"]

1. d4 Nf6 2. c4 c5 3. Nf3 cxd4 4. Nxd4 e5 5. Nf3 Nc6 6. Nc3 Bb4 7. Bd2 d5 8. cxd5 Nxd5 9. Nxd5 Qxd5 10. Bxb4 Qxd1+ 11. Kxd1 Nxb4 12. Nxe5 Be6 13. a3 O-O-O+ 14. Kc1 Bb3 15. Nd3 Nxd3+ 16. exd3 Kb8 17. Kd2 Rc8 18. d4 Rc2+ 19. Ke3 Re8+ 20. Kf3 Rxb2 21. Bd3 Bd5+ 22. Kg3 Rb3 23. Rad1 Bc4 24. f3 Bxd3 25. d5 Rd8 26. Kf4 Rxd5 27. Rhe1 Rxa3 28. Re8+ Kc7 29. Re7+ Rd7 30. Re8 Bb5 31. Rc1+ Bc6 32. Re5 Ra4+ 33. Kg3 f6 34. Rh5 h6 35. Rf5 Ra2 36. Rfc5 a5 37. Re1 a4 38. Re3 Rdd2 39. Ra5 Rxg2+ 40. Kf4 Rxh2 41. Re7+ Kb6 42. Ra8 Rh4+ 43. Kf5 g5 44. Kxf6 Rf4+ 45. Kg6 Rxf3 46. Kxh6 g4 47. Re4 Bxe4 48. Kg5 g3 49. Kh4 g2 50. Rg8 Rf4+ 51. Kh3 Ra1 52. Rg7 Rh1+ 0-1


[Site "https://www.chess.com"]

[Event "Titled Tuesday Blitz June 28 Early 2022"]
[White "Adla, Diego"]
[Black "Ardila, Oscar Humberto"]
[WhiteFideId "100072"]
[BlackFideId "4404742"]
[WhiteElo "2377"]
[BlackElo "1956"]
[Result "0-1"]
[Round "09"]
[TimeControl "180+1"]
[Date "2022.06.28"]
[WhiteClock "0:00:06"]
[BlackClock "0:00:08"]

1. c4 Nf6 2. Nc3 e6 3. e4 d6 4. d4 Be7 5. Nf3 O-O 6. Bd3 Nbd7 7. e5 dxe5 8. dxe5 Ne8 9. Qe2 Nc5 10. Bc2 a5 11. h4 b6 12. Bxh7+ Kxh7 13. Ng5+ Kg8 14. Rh3 g6 15. Bf4 Ng7 16. Rd1 Qe8 17. Nce4 Bb7 18. Nf6+ Bxf6 19. exf6 Nh5 20. Bxc7 Qc6 21. Bd6 Rfd8 22. Bxc5 Qxc5 23. Rxd8+ Rxd8 24. Nxe6 Qb4+ 25. Rc3 Re8 26. Kf1 Rxe6 27. Re3 Rxe3 28. Qxe3 Nxf6 29. b3 Qd6 30. f3 Qd1+ 31. Kf2 Qd6 32. g4 Kg7 33. g5 Nh5 34. Kg1 Qd1+ 35. Kg2 Qc2+ 36. Kh3 Qf5+ 37. Kg2 Nf4+ 38. Kf2 Nd3+ 39. Kg3 Ne5 40. f4 Nc6 41. Qc3+ Kh7 42. Qe3 Qc5 43. Qe8 Qf5 44. Qe3 Nb4 45. Qxb6 Qd3+ 46. Kf2 Qf3+ 47. Ke1 Nd3+ 48. Kd2 Be4 49. Qf6 Qf2+ 50. Kc3 Qb2# 0-1


[Site "https://www.chess.com"]

[Event "Titled Tuesday Blitz June 28 Early 2022"]
[White "Agasarov, Benik"]
[Black "Thorhallsson, Simon"]
[WhiteFideId "13314823"]
[BlackFideId "2310090"]
[WhiteElo "2695"]
[BlackElo "2137"]
[Result "1-0"]
[Round "09"]
[TimeControl "180+1"]
[Date "2022.06.28"]
[WhiteClock "0:00:57"]
[BlackClock "0:00:05"]

1. e4 d5 2. exd5 Qxd5 3. Nc3 Qd6 4. Nf3 Nf6 5. d4 c6 6. Ne5 Nbd7 7. Nc4 Qc7 8. a4 Nb6 9. Ne5 Nbd5 10. Bc4 Be6 11. Qf3 g6 12. a5 a6 13. Bd2 Bg7 14. Na4 O-O 15. Nc5 Bf5 16. O-O Bxc2 17. Rac1 Bf5 18. Rfe1 Rad8 19. g4 Bc8 20. g5 Nh5 21. Nxa6 Qd6 22. Nc5 Kh8 23. Ne4 Qe6 24. Ng3 Nxg3 25. Qxg3 Qf5 26. Bd3 Qh3 27. Qxh3 Bxh3 28. a6 bxa6 29. Nxc6 Rd7 30. Bxa6 Bg4 31. Ne5 Bxe5 32. dxe5 e6 33. b4 Rb8 34. b5 Nc7 35. Bb4 Nxb5 36. Bxb5 Rxb5 37. Rc8+ Rd8 38. Rxd8+ 1-0


[Site "https://www.chess.com"]

[Event "Titled Tuesday Blitz June 28 Early 2022"]
[White "Ajay Krishna, S"]
[Black "Ismagilov, Damir"]
[WhiteFideId "5096430"]
[BlackFideId "34199982"]
[WhiteElo "2247"]
[BlackElo "2138"]
[Result "0-1"]
[Round "09"]
[TimeControl "180+1"]
[Date "2022.06.28"]
[WhiteClock "0:00:26"]
[BlackClock "0:00:33"]

1. d4 Nf6 2. c4 e6 3. Nf3 d5 4. g3 dxc4 5. Bg2 Bb4+ 6. Bd2 a5 7. O-O O-O 8. a4 c6 9. e3 Ra6 10. Ne5 b5 11. b3 Bxd2 12. Nxd2 c3 13. Ndf3 b4 14. Ne1 c5 15. dxc5 Qc7 16. N1d3 Nbd7 17. Nxd7 Nxd7 18. c6 Nb8 19. Nc5 Rb6 20. Qh5 Nxc6 21. Ne4 Qe5 22. Qe2 Ba6 23. Qc2 Bxf1 24. Rxf1 Rd8 25. f4 Qc7 26. f5 exf5 27. Rxf5 Ne7 28. Rxa5 f5 29. Ng5 Rbd6 30. Bf1 Qxa5 31. Bc4+ Kf8 32. Nxh7+ Ke8 33. Bb5+ Qxb5 34. axb5 Rd1+ 35. Kf2 R1d2+ 36. Qxd2 cxd2 0-1


[Site "https://www.chess.com"]

[Event "Titled Tuesday Blitz June 28 Early 2022"]
[White "Alinasab, Mobina"]
[Black "Weishaeutel, Moritz"]
[WhiteFideId "12528897"]
[BlackFideId "12967300"]
[WhiteElo "2031"]
[BlackElo "2002"]
[Result "0-1"]
[Round "09"]
[TimeControl "180+1"]
[Date "2022.06.28"]
[WhiteClock "0:00:04"]
[BlackClock "0:00:10"]

1. Nf3 e5 2. Nxe5 Nc6 3. Nxc6 dxc6 4. g3 h5 5. h4 Bg4 6. Bh3 Nf6 7. Bxg4 Nxg4 8. d4 Qf6 9. f3 Bd6 10. f4 O-O-O 11. e4 Rhe8 12. Nc3 Bb4 13. e5 Rxe5+ 14. dxe5 Rxd1+ 15. Kxd1 Nxe5 16. Re1 Nc4 17. Re8+ Kd7 18. Re4 Nxb2+ 19. Bxb2 Bxc3 20. Bxc3 Qxc3 21. Rb1 Qxg3 22. Rb3 Qg4+ 23. Kc1 b6 24. a4 Qxh4 25. Kb2 Qf6+ 26. Ka2 a5 27. Rd3+ Kc8 28. Re8+ Kb7 29. Rdd8 c5 30. Rb8+ Kc6 31. Rbd8 Qxf4 32. Re7 Qxa4+ 33. Kb2 Qb4+ 34. Ka2 Qc4+ 35. Kb2 Qb4+ 36. Ka2 Qf4 37. Rdd7 f6 38. Rxg7 h4 39. Rh7 h3 40. Rd3 h2 41. Rdh3 Qc4+ 42. Kb2 a4 43. Rxh2 Qb4+ 44. Kc1 a3 45. R2h3 Qb2+ 46. Kd2 a2 47. Rh1 a1=Q 48. Rxa1 Qxa1 49. Rh3 Qd4+ 50. Rd3 Qxd3+ 51. Kxd3 Kd5 0-1


[Site "https://www.chess.com"]

[Event "Titled Tuesday Blitz June 28 Early 2022"]
[White "Aradhya, Garg"]
[Black "Gatterer, Florian"]
[WhiteFideId "25006746"]
[BlackFideId "811688"]
[WhiteElo "2203"]
[BlackElo "2218"]
[Result "1-0"]
[Round "09"]
[TimeControl "180+1"]
[Date "2022.06.28"]
[WhiteClock "0:00:12"]
[BlackClock "0:00:03"]

1. d4 e6 2. Nf3 Nf6 3. c4 d5 4. Nc3 c5 5. e3 Nc6 6. a3 cxd4 7. exd4 dxc4 8. Bxc4 Be7 9. O-O O-O 10. Re1 b6 11. d5 exd5 12. Nxd5 Nxd5 13. Bxd5 Bb7 14. Bf4 Bf6 15. Rc1 Rc8 16. b4 Qd7 17. Rc2 Rcd8 18. Rd2 Qf5 19. Re4 Na5 20. Bxb7 Rxd2 21. Qxd2 Nxb7 22. Qe2 Nd8 23. Bd6 Ne6 24. Bxf8 Kxf8 25. h3 h6 26. Qc4 Kg8 27. Re1 Kh8 28. Qe4 Qh5 29. Rc1 g6 30. Rc6 Kg7 31. Rxe6 fxe6 32. Qxe6 Qb5 33. Qe4 Qa4 34. Qd3 g5 35. Nd2 a5 36. Ne4 Be5 37. bxa5 bxa5 38. g3 Qd4 39. Qxd4 Bxd4 40. a4 Kf7 41. Kf1 Ke6 42. Ke2 Kd5 43. Kd3 Bb2 44. f4 gxf4 45. gxf4 Ba1 46. Ng3 Ke6 47. Ke4 Kf6 48. Nf5 Kg6 49. Ne7+ Kf6 50. Nc6 Bc3 51. Ne5 Be1 52. Ng4+ Kg6 53. f5+ Kg5 54. f6 Bb4 55. Ke5 h5 56. Ne3 Kh4 57. Nd5 Ba3 58. Nf4 Kg5 59. f7 Bf8 60. Ne6+ Kh4 61. Nxf8 Kxh3 62. Ng6 Kg4 63. f8=Q h4 64. Qf4+ Kh5 65. Qf5+ Kh6 66. Kf6 h3 67. Nf4 h2 68. Qg6# 1-0


[Site "https://www.chess.com"]

[Event "Titled Tuesday Blitz June 28 Early 2022"]
[White "Arias, Juan Cruz"]
[Black "Samsonkin, Artiom"]
[WhiteFideId "118540"]
[BlackFideId "13503111"]
[WhiteElo "2091"]
[BlackElo "2513"]
[Result "1/2-1/2"]
[Round "09"]
[TimeControl "180+1"]
[Date "2022.06.28"]
[WhiteClock "0:00:43"]
[BlackClock "0:00:03"]

1. e4 e5 2. Nf3 Nc6 3. Bc4 Nf6 4. d3 Bc5 5. c3 O-O 6. O-O d5 7. exd5 Nxd5 8. Nbd2 Nb6 9. Bb5 Qd5 10. a4 a6 11. Bxc6 bxc6 12. Ne4 Be7 13. Re1 Bg4 14. h3 Bh5 15. Ng3 Bxf3 16. Qxf3 Qxf3 17. gxf3 Rfd8 18. d4 f6 19. f4 exf4 20. Bxf4 Bd6 21. Bxd6 cxd6 22. Nf5 Rd7 23. Re6 Nc4 24. b3 Nd2 25. b4 a5 26. Rxd6 Rxd6 27. Nxd6 axb4 28. cxb4 Nf3+ 29. Kg2 Nxd4 30. a5 Nc2 31. Ra4 Kf8 32. a6 Ke7 33. Nf5+ Ke6 34. Nxg7+ Kd5 35. Nh5 Kc4 36. Nxf6 Nxb4 37. Nd7 Kb5 38. Ra1 Rxa6 1/2-1/2


[Site "https://www.chess.com"]

[Event "Titled Tuesday Blitz June 28 Early 2022"]
[White "Barria Zuniga, Daniel"]
[Black "Nozdrachev, Leonid"]
[WhiteFideId "3400816"]
[BlackFideId "24113433"]
[WhiteElo "2414"]
[BlackElo "2129"]
[Result "1-0"]
[Round "09"]
[TimeControl "180+1"]
[Date "2022.06.28"]
[WhiteClock "0:00:12"]
[BlackClock "0:00:01"]

1. d4 d5 2. c4 c6 3. Nf3 e6 4. Nc3 dxc4 5. e3 b5 6. a4 Bb4 7. Bd2 a5 8. axb5 Bxc3 9. Bxc3 cxb5 10. b3 Bb7 11. bxc4 b4 12. Bb2 Nf6 13. Bd3 O-O 14. O-O Nbd7 15. Re1 Ne4 16. Rc1 a4 17. c5 Bd5 18. c6 Ndf6 19. c7 Qd6 20. Ne5 Rfc8 21. f3 Ng5 22. h4 Nxf3+ 23. gxf3 a3 24. Ba1 b3 25. Qd2 b2 26. Bxb2 axb2 27. Qxb2 Rxc7 28. Rxc7 Qxc7 29. Rc1 Qa7 30. e4 Rb8 31. exd5 Nxd5 32. Qf2 Nf4 33. Bf1 Qa3 34. Re1 f6 35. Nc4 Qc3 36. Re4 g5 37. hxg5 fxg5 38. Qe3 Rb3 39. Qxc3 Rxc3 40. Re3 Rc1 41. Re5 Kf7 42. Kf2 h6 43. Nd6+ Kf6 44. Ne4+ Kf7 45. Rc5 Rd1 46. Rc4 Ra1 47. Nd6+ Ke7 48. Ne4 Ra2+ 49. Ke3 Nd5+ 50. Kd3 Nf4+ 51. Kc3 Nd5+ 52. Kb3 Ra1 53. Bd3 Rg1 54. Ra4 1-0


[Site "https://www.chess.com"]

[Event "Titled Tuesday Blitz June 28 Early 2022"]
[White "Begunov, Konstantin"]
[Black "Mitrovic, Darko R"]
[WhiteFideId "4118510"]
[BlackFideId "927023"]
[WhiteElo "2262"]
[BlackElo "2150"]
[Result "1-0"]
[Round "09"]
[TimeControl "180+1"]
[Date "2022.06.28"]
[WhiteClock "0:01:32"]
[BlackClock "0:00:09"]

1. d4 Nf6 2. c4 e6 3. Nf3 Bb4+ 4. Nbd2 b6 5. a3 Bxd2+ 6. Bxd2 Bb7 7. Bg5 d6 8. e3 Nbd7 9. Be2 O-O 10. O-O h6 11. Bh4 Qe7 12. b4 g5 13. Bg3 Ne4 14. Qc2 f5 15. Nd2 Nxg3 16. fxg3 Nf6 17. Bf3 Bxf3 18. gxf3 c5 19. Qd3 Rae8 20. Rae1 Kg7 21. e4 fxe4 22. Nxe4 Nxe4 23. Rxe4 Qf6 24. dxc5 dxc5 25. Kg2 Rd8 26. Qe3 Rfe8 27. bxc5 bxc5 28. Qxc5 Rd2+ 29. Rf2 Rxf2+ 30. Qxf2 Re7 31. Qc2 Rc7 32. c5 Qa1 33. Rxe6 Qxa3 34. Qg6+ Kf8 35. Re8# 1-0


[Site "https://www.chess.com"]

[Event "Titled Tuesday Blitz June 28 Early 2022"]
[White "Bettalli, Francesco"]
[Black "Silva Lucena, Cristian"]
[WhiteFideId "2816453"]
[BlackFideId "2232588"]
[WhiteElo "2216"]
[BlackElo "2223"]
[Result "0-1"]
[Round "09"]
[TimeControl "180+1"]
[Date "2022.06.28"]
[WhiteClock "0:00:37"]
[BlackClock "0:00:06"]

1. d4 Nf6 2. Nc3 d5 3. Bf4 a6 4. e3 Nbd7 5. Nf3 g6 6. Bd3 Bg7 7. h4 c5 8. h5 cxd4 9. h6 dxc3 10. hxg7 Rg8 11. bxc3 Rxg7 12. Ne5 Qa5 13. Qd2 Rg8 14. Ke2 Nc5 15. f3 h5 16. Rab1 Be6 17. Rb4 Rc8 18. Rhb1 b5 19. Bg3 g5 20. Be1 g4 21. f4 Nfe4 22. Bxe4 Nxe4 23. Qd4 Qxa2 24. R1b2 Qa5 25. Nd3 Qc7 26. R4b3 Qc4 27. Ra2 Qxd4 28. cxd4 f6 29. Nb4 g3 30. Rxa6 Bg4+ 31. Kd3 e6 32. Nc6 Kf7 33. Rxb5 h4 34. Rb7+ Kg6 35. Ne7+ Kh5 36. Nxg8 Rxg8 37. Rh7+ Kg6 38. Rxh4 Kf5 39. Rh7 Bf3 0-1


[Site "https://www.chess.com"]

[Event "Titled Tuesday Blitz June 28 Early 2022"]
[White "Bharath Subramaniyam H"]
[Black "Kopczynski, Michal"]
[WhiteFideId "46634827"]
[BlackFideId "1124200"]
[WhiteElo "2242"]
[BlackElo "2235"]
[Result "1-0"]
[Round "09"]
[TimeControl "180+1"]
[Date "2022.06.28"]
[WhiteClock "0:00:39"]
[BlackClock "0:00:03"]

1. d4 Nf6 2. Nf3 g6 3. Nc3 Bg7 4. e4 d6 5. Be2 O-O 6. O-O c5 7. d5 Na6 8. a4 Nc7 9. h3 Rb8 10. Be3 a6 11. a5 b5 12. axb6 Rxb6 13. b3 Rb4 14. Bc4 e6 15. dxe6 Bxe6 16. Bxe6 Nxe6 17. Rxa6 Ne8 18. Nd5 Rxe4 19. Qd3 f5 20. Ra7 Qb8 21. Re7 Nf6 22. Nd2 Re5 23. Nxf6+ Bxf6 24. Rd7 d5 25. Nf3 d4 26. Bh6 Re4 27. Bxf8 Nxf8 28. Qc4+ Kh8 29. Rf7 Bg7 30. Ng5 Re8 31. Rb7 Qxb7 32. Nf7+ Qxf7 33. Qxf7 Re2 34. Ra1 h6 35. Ra7 Be5 36. Qxf8# 1-0


[Site "https://www.chess.com"]

[Event "Titled Tuesday Blitz June 28 Early 2022"]
[White "Bintang, Rasyid A. Hidayat"]
[Black "Papp, Levente"]
[WhiteFideId "7105355"]
[BlackFideId "751243"]
[WhiteElo "2378"]
[BlackElo "2308"]
[Result "0-1"]
[Round "09"]
[TimeControl "180+1"]
[Date "2022.06.28"]
[WhiteClock "0:00:02"]
[BlackClock "0:00:04"]

1. d4 e6 2. Bf4 c5 3. e3 Qb6 4. Nc3 d5 5. Nb5 Na6 6. a4 c4 7. b3 cxb3 8. c3 b2 9. Rb1 Bd7 10. Rxb2 Qa5 11. Nf3 Nf6 12. Bd3 Be7 13. O-O O-O 14. c4 dxc4 15. Bxc4 Rfc8 16. Bd3 Nd5 17. Bg3 Nab4 18. Ne5 Be8 19. Nc4 Qd8 20. Nbd6 Bxa4 21. Qxa4 Nxd3 22. Rxb7 Bxd6 23. Nxd6 Rc7 24. Rb3 Nc3 25. Qa3 Ne2+ 26. Kh1 Ndc1 27. Rb1 Rc3 28. Qb4 Nd3 29. Nb7 Qc8 30. Qb5 e5 31. Bxe5 Nxf2+ 32. Rxf2 Rc1+ 33. Rf1 Nc3 34. Rbxc1 Nxb5 35. Rxc8+ Rxc8 36. Nd6 Nxd6 37. Bxd6 f5 38. Bc5 g6 39. Ra1 Re8 40. d5 Re5 41. Bd4 Rxd5 42. Rxa7 f4 43. Rg7+ Kf8 44. exf4 Rxd4 0-1


[Site "https://www.chess.com"]

[Event "Titled Tuesday Blitz June 28 Early 2022"]
[White "Bolanos, Fernando"]
[Black "Heinemann, Josefine"]
[WhiteFideId "3304094"]
[BlackFideId "12900460"]
[WhiteElo "2048"]
[BlackElo "2300"]
[Result "1-0"]
[Round "09"]
[TimeControl "180+1"]
[Date "2022.06.28"]
[WhiteClock "0:00:06"]
[BlackClock "0:00:15"]

1. e4 c6 2. Nf3 d5 3. d3 dxe4 4. dxe4 Qxd1+ 5. Kxd1 Nd7 6. c3 e5 7. Nfd2 f5 8. Bc4 Ngf6 9. Re1 f4 10. f3 Bc5 11. Kc2 Be3 12. b4 b5 13. Be2 a5 14. bxa5 Rxa5 15. Nb3 Ra8 16. Bxe3 fxe3 17. Bf1 Nb6 18. Rxe3 Be6 19. N1d2 Ke7 20. Ree1 Ra3 21. Nc5 Bxa2 22. Nd3 Rha8 23. Nb4 Kd7 24. Kb2 Na4+ 25. Kxa3 Be6 26. c4 Kc7 27. Kb3 Nd7 28. Kc2 Ndc5 29. Nb3 Nxb3 30. Kxb3 Kb6 31. Kc2 bxc4 32. Reb1 Kc5 33. Na2 Rd8 34. Nc3 Nxc3 35. Kxc3 Rd4 36. Rd1 g5 37. Ra5+ Kb6 38. Raa1 Kc5 39. Be2 Bf7 40. Ra5+ Kb6 41. Rxe5 Rxd1 42. Bxd1 c5 43. Rxg5 1-0


[Site "https://www.chess.com"]

[Event "Titled Tuesday Blitz June 28 Early 2022"]
[White "Bommini, Mounika Akshaya"]
[Black "Al-Tarboush, Ward"]
[WhiteFideId "25019872"]
[BlackFideId "7601450"]
[WhiteElo "1680"]
[BlackElo "2249"]
[Result "1-0"]
[Round "09"]
[TimeControl "180+1"]
[Date "2022.06.28"]
[WhiteClock "0:00:05"]
[BlackClock "0:00:01"]

1. d4 d5 2. c4 c6 3. Nc3 Nf6 4. cxd5 cxd5 5. Bf4 Nc6 6. e3 Bg4 7. Qb3 Na5 8. Qa4+ Bd7 9. Bb5 Nc6 10. Qb3 e6 11. Nf3 Be7 12. O-O O-O 13. Rac1 a6 14. Bd3 b5 15. Ne5 Rc8 16. h3 Na5 17. Qd1 Nc4 18. Qe2 Qb6 19. Rfd1 Rfd8 20. e4 b4 21. exd5 Nxe5 22. dxe5 bxc3 23. exf6 Bxf6 24. bxc3 exd5 25. c4 Ba4 26. Rd2 dxc4 27. Bxc4 Rxd2 28. Qxd2 Rd8 29. Qe2 h6 30. Qh5 Be8 31. Qe2 Qd4 32. Be3 Qe5 33. Bxa6 Bd7 34. Bc4 Qf5 35. Rd1 Re8 36. Bd3 Qe6 37. Bc2 Bc6 38. Qd3 1-0


[Site "https://www.chess.com"]

[Event "Titled Tuesday Blitz June 28 Early 2022"]
[White "Boraso, Alessio"]
[Black "Li, Zhuoling"]
[WhiteFideId "848077"]
[BlackFideId "8605629"]
[WhiteElo "2286"]
[BlackElo "2292"]
[Result "1-0"]
[Round "09"]
[TimeControl "180+1"]
[Date "2022.06.28"]
[WhiteClock "0:00:04"]
[BlackClock "0:00:01"]

1. e4 c5 2. b3 Nc6 3. Bb2 e5 4. Bc4 d6 5. Ne2 g6 6. O-O Bg7 7. d3 Nge7 8. Nd2 O-O 9. f4 Na5 10. Ng3 Nxc4 11. Nxc4 b5 12. Ne3 exf4 13. Bxg7 Kxg7 14. Rxf4 Nc6 15. Qd2 Be6 16. Raf1 b4 17. h4 Nd4 18. h5 Qg5 19. Rxf7+ Kg8 20. Rxf8+ Rxf8 21. Rxf8+ Kxf8 22. Qf2+ Kg7 23. hxg6 hxg6 24. Ne2 Nxe2+ 25. Qxe2 Qe5 26. Qf2 Qa1+ 27. Kh2 Qxa2 28. Qf4 Qa6 29. Qg5 Kf7 30. Qf4+ Kg7 31. Qg5 Kf7 32. Qh6 Qb6 33. Qh7+ Kf6 34. Qh8+ Kf7 35. Qh7+ Kf6 36. Kg3 a5 37. Qh8+ Kf7 38. Qh7+ Kf6 39. Qh4+ Kf7 40. Kf4 Qc6 41. Kg5 Ke7 42. Qh7+ Kd8 43. Kf6 Qe8 44. Qg7 1-0


[Site "https://www.chess.com"]

[Event "Titled Tuesday Blitz June 28 Early 2022"]
[White "Bortnyk, Olexandr"]
[Black "Fedoseev, Vladimir"]
[WhiteFideId "14120828"]
[BlackFideId "24130737"]
[WhiteElo "2723"]
[BlackElo "2726"]
[Result "0-1"]
[Round "09"]
[TimeControl "180+1"]
[Date "2022.06.28"]
[WhiteClock "0:00:02"]
[BlackClock "0:00:21"]

1. d4 Nf6 2. Nc3 d5 3. Bf4 a6 4. e3 e6 5. Nf3 c5 6. a3 Nc6 7. h3 b5 8. Bd3 Bb7 9. dxc5 Bxc5 10. O-O h6 11. e4 O-O 12. Qe2 Nd4 13. Nxd4 Bxd4 14. e5 Bxc3 15. bxc3 Ne4 16. Qg4 Kh8 17. Bxe4 dxe4 18. Rad1 Bd5 19. Be3 Rc8 20. Bd4 Qg5 21. Qxg5 hxg5 22. Ra1 Bc6 23. Rfd1 Kh7 24. Kf1 Kg6 25. Ke2 Rfd8 26. Ke3 f6 27. Bb6 Rd5 28. Rxd5 Bxd5 29. Bd4 Kf5 30. g4+ Kg6 31. a4 Rh8 32. axb5 Rxh3+ 33. Kd2 axb5 34. Ra5 Bc4 35. Ra8 Rf3 36. Rg8 Kf7 37. Rb8 Rf4 38. Be3 Rxg4 39. exf6 gxf6 40. Rh8 e5 41. Rh6 Rh4 42. Rxh4 gxh4 43. f4 h3 44. Bg1 exf4 45. Bh2 e3+ 0-1


[Site "https://www.chess.com"]

[Event "Titled Tuesday Blitz June 28 Early 2022"]
[White "Bringas Gomez, Artai"]
[Black "Simonovic, Miroslav"]
[WhiteFideId "24534064"]
[BlackFideId "919152"]
[WhiteElo "1988"]
[BlackElo "2043"]
[Result "1-0"]
[Round "09"]
[TimeControl "180+1"]
[Date "2022.06.28"]
[WhiteClock "0:01:19"]
[BlackClock "0:00:06"]

1. e4 c5 2. Nf3 Nc6 3. d4 cxd4 4. Nxd4 e5 5. Nb5 d6 6. c4 Be7 7. Be3 Be6 8. Be2 Nf6 9. N1c3 a6 10. Na3 O-O 11. O-O Rc8 12. Rc1 Na5 13. Nd5 Bxd5 14. exd5 b6 15. Qa4 Qc7 16. b4 Nb7 17. Nb1 a5 18. a3 Nd7 19. Nc3 axb4 20. axb4 Ra8 21. Qb3 f5 22. f3 h6 23. Ra1 Bg5 24. Bf2 Rfc8 25. Nb5 Qd8 26. Na7 Rc7 27. Ra6 Nb8 28. Ra2 Nc5 29. bxc5 Rcxa7 30. Rxa7 Rxa7 31. c6 Qe7 32. Qxb6 Na6 33. Qxa7 Qxa7 34. Bxa7 Nc5 35. Bxc5 dxc5 36. c7 Be3+ 37. Kh1 1-0


[Site "https://www.chess.com"]

[Event "Titled Tuesday Blitz June 28 Early 2022"]
[White "Buscar, Michael"]
[Black "Aggelis, Nikolaos"]
[WhiteFideId "2603616"]
[BlackFideId "4213220"]
[WhiteElo "2010"]
[BlackElo "2154"]
[Result "0-1"]
[Round "09"]
[TimeControl "180+1"]
[Date "2022.06.28"]
[WhiteClock "0:00:12"]
[BlackClock "0:00:14"]

1. d4 d5 2. c4 c6 3. Nf3 Nf6 4. g3 g6 5. Bg2 Bg7 6. O-O O-O 7. b3 dxc4 8. bxc4 c5 9. e3 Nc6 10. Bb2 Qb6 11. Qb3 Na5 12. Qxb6 axb6 13. Nbd2 Bf5 14. Rfc1 Ne4 15. Nb3 Rfd8 16. h3 h5 17. g4 hxg4 18. hxg4 Bxg4 19. Ne5 Bf5 20. f3 Nxb3 21. axb3 Nd2 22. Rxa8 Rxa8 23. e4 Nxb3 24. Rd1 Nxd4 25. Nxf7 Kxf7 26. exf5 gxf5 27. f4 Ra2 28. Bxd4 Bxd4+ 29. Kh1 Rf2 30. Bxb7 Rxf4 31. Re1 e5 32. Bd5+ Kf6 33. Kg2 Rf2+ 34. Kg3 e4 35. Rh1 Rf3+ 36. Kg2 Rf2+ 37. Kg3 f4+ 38. Kg4 Be3 39. Rh6+ Ke5 40. Rxb6 Rg2+ 41. Kh4 Bf2+ 42. Kh3 Rg3+ 43. Kh2 Kd4 44. Rb2 Bg1+ 45. Kh1 e3 46. Re2 Kd3 47. Re1 e2 48. Bg2 Kd2 49. Rxg1 e1=Q 50. Rxe1 Kxe1 51. Kh2 Rxg2+ 52. Kxg2 Ke2 53. Kg1 f3 54. Kh2 f2 0-1


[Site "https://www.chess.com"]

[Event "Titled Tuesday Blitz June 28 Early 2022"]
[White "Carrasco Miranda, Andres"]
[Black "Pein, Jonathan"]
[WhiteFideId "3405990"]
[BlackFideId "417092"]
[WhiteElo "2177"]
[BlackElo "2140"]
[Result "1-0"]
[Round "09"]
[TimeControl "180+1"]
[Date "2022.06.28"]
[WhiteClock "0:00:18"]
[BlackClock "0:01:01"]

1. d4 e6 2. c4 Bb4+ 3. Nc3 d5 4. e3 Bxc3+ 5. bxc3 Nf6 6. cxd5 exd5 7. c4 O-O 8. Nf3 Re8 9. cxd5 Nxd5 10. Bd3 Nf4 11. Bf1 Bg4 12. h3 Bh5 13. g3 Ne6 14. g4 Bg6 15. Bg2 Nf4 16. Kf1 Nxg2 17. Kxg2 Be4 18. h4 h5 19. g5 Qd7 20. Rh3 Nc6 21. Bd2 Rad8 22. Rc1 Qg4+ 23. Rg3 Qxh4 24. Rc5 Rd6 25. Rf5 Rg6 26. Rf4 Qxg5 27. Rxg5 Rxg5+ 28. Kh2 Bd5 29. Nxg5 1-0


[Site "https://www.chess.com"]